 Dungeon Crawl Stone Soup version 0.31-a0-95-g6fa058ef04 (webtiles) character file.

Game seed: 12546989066199788881

70 edwardauron the Firebug (level 3, -1/26 HPs)
             Began as a Demigod Fire Elementalist on May 25, 2023.
             Slain by a goblin
             ... wielding a +0 club
             ... led by Robin
              (4 damage)
             ... on level 3 of the Dungeon.
             The game lasted 00:03:47 (2279 turns).

edwardauron the Firebug (Demigod Fire Elementalist) Turns: 2279, Time: 00:03:48

Health: -1/26      AC:  3    Str:  9    XL:     3   Next: 76%
Magic:  1/9        EV: 12    Int: 21    God:
Gold:   121        SH:  0    Dex: 14    Spells: 4/7 levels left

rFire   . . .        k - staff of air
rCold   . . .        (no shield)
rNeg    . . .        a - +0 robe
rPois   .            (no helmet)
rElec   +            (no cloak)
rCorr   .            h - +0 pair of gloves
SInv    .            (no boots)
Will    .....        (no amulet)
Stlth   ++           (no ring)
HPRegen 0.24/turn    (no ring)
MPRegen 0.11/turn

%: no passive effects
@: brilliant
A: high MP 1, forlorn, divine attributes
a: no special abilities


You were on level 3 of the Dungeon.
You visited 1 branch of the dungeon, and saw 3 of its levels.

You collected 121 gold pieces.

Inventory:

Armour
 a - a +0 robe (worn)
 h - a +0 pair of gloves (worn)
Magical Staves
 k - a staff of air (weapon)
Scrolls
 c - a scroll of blinking {unknown}
 e - a scroll of teleportation {unknown}
 g - 2 scrolls of vulnerability {unknown}
 i - a scroll of immolation {unknown}
 j - a scroll of fog {unknown}
Potions
 b - a potion of magic
 d - a potion of brilliance
 f - a potion of attraction {unknown}
 l - a potion of degeneration {unknown}
 m - a potion of curing {unknown}
 n - a potion of cancellation {unknown}


   Skills:
 - Level 1.8 Dodging
 - Level 1.8 Stealth
 + Level 2.5 Spellcasting
 + Level 2.0 Conjurations
 + Level 3.3 Fire Magic


You had 4 spell levels left.
You knew the following spells:

 Your Spells              Type           Power      Damage    Failure   Level
a - Foxfire               Conj/Fire      76%        2x1d7     5%          1
b - Scorch                Fire           50%        2d7       5%          2

Your spell library contained the following spells:

 Spells                   Type           Power      Damage    Failure   Level
 Inner Flame              Hex/Fire       12%        N/A       24%         3
 Volatile Blastmotes      Fire/Tloc      24%        2d12      24%         3
 Flame Wave               Conj/Fire      19%        2d7       45%         4


Dungeon Overview and Level Annotations

Branches:
Dungeon (3/15)

Annotations:
D:3 Robin


Innate Abilities, Weirdness & Mutations

You have an increased reservoir of magic. (+10% MP)
You shall have no god before yourself.
Your divine heritage dramatically boosts your attributes as you level up.


Message History

The goblin hits you with a +0 dagger.
Okay, then.
Casting: Foxfire (safe; 5% risk of failure)
Confirm with . or Enter, or press ? or * to list all spells.
Flames lash the goblin.
You kill the goblin!
The goblin hits you with a +0 dagger. The goblin barely misses you.
The goblin hits you but does no damage. The goblin misses you.
The hobgoblin closely misses you.
Casting: Scorch (safe; 5% risk of failure)
Confirm with . or Enter, or press ? or * to list all spells.
Flames lash the hobgoblin.
The hobgoblin is heavily wounded.
The hobgoblin's fire resistance burns away.
A hobgoblin comes into view.
The goblin closely misses you. The hobgoblin hits you.
The goblin closely misses you. The goblin barely misses you. x2
Casting: Scorch (safe; 5% risk of failure)
Confirm with . or Enter, or press ? or * to list all spells.
Flames lash the goblin.
You kill the goblin!
The goblin closely misses you. The hobgoblin hits you.
The goblin closely misses you. x2
Unknown command.
Casting: Scorch (safe; 5% risk of failure)
Confirm with . or Enter, or press ? or * to list all spells.
Flames lash the hobgoblin.
The hobgoblin is burned terribly!
You kill the hobgoblin!
The goblin hits you with a +0 club.
* * * LOW HITPOINT WARNING * * *
The goblin hits you with a +0 dagger.
* * * LOW HITPOINT WARNING * * *
The goblin hits you with a +0 club.
* * * LOW HITPOINT WARNING * * *
The goblin barely misses you. The hobgoblin hits you.
* * * LOW HITPOINT WARNING * * *
It was a potion of brilliance.
You feel clever all of a sudden. The goblin misses you.
The goblin hits you with a +0 club.
You die...

#.##.##.# .##..
...#....##..#.##
........#......#
...g...........#
...............#
......g........#
......ggg......#
.....gg@#....†.#
###>..##g......#
###..#.......##
.......$......#
###.#.....#.#.#####
......_..........#
......8.8......##.####
#........#...........
#...##..###..........


You could see Robin, 2 hobgoblins and 5 goblins.

Vanquished Creatures
  2 adders
  A dart slug (D:1)
  A ball python (D:2)
  6 bats
  An endoplasm (D:1)
  6 giant cockroaches
  11 goblins
  A hobgoblin (D:3)
  5 jackals
  A quokka (D:1)
  2 frilled lizards
  5 kobolds
  2 rats (D:1)
44 creatures vanquished.

Vanquished Creatures (others)
  112 foxfires
112 creatures vanquished.

Grand Total: 156 creatures vanquished

Notes
Turn   | Place    | Note
-------+----------+-------------------------------------------
     0 | D:1      | edwardauron the Demigod Fire Elementalist began the quest
                  | for the Orb.
     0 | D:1      | Reached XP level 1. HP: 14/14 MP: 5/5
    64 | D:1      | Reached skill level 1 in Conjurations
   338 | D:1      | Reached XP level 2. HP: 20/20 MP: 2/7
   388 | D:1      | Learned a level 2 spell: Scorch
   586 | D:1      | Reached skill level 3 in Fire Magic
  1480 | D:2      | Reached XP level 3. HP: 24/26 MP: 3/9
  2269 | D:3      | Noticed Robin
  2279 | D:3      | Slain by a goblin

Illustrated notes

Levels and vault maps discovered:
D:1:      sevenhm_arrival_forest_fort_large_2, layout_loops_cross
D:2:      layout_loops_ring, basic_altar
D:3:      layout_rooms, nicolae_overflow_hidden_temple,
          dreamdust_ecumenical_altar_statues, uniq_robin

Skill      XL: |  1  2  3 |
---------------+----------+-----
Conjurations   | 1 2 |  2.0
Spellcasting   | 2 |  2.5
Fire Magic     | 3 |  3.3
Dodging        | |  1.8
Stealth        | |  1.8

Action                     || total
---------------------------++-------
  Melee: Staff             ||    28
         Unarmed           ||     2
         Punch             ||     2
   Cast: Foxfire           ||    69
         Scorch            ||    15
    Use: Potion            ||     1
   Stab: Sleeping          ||     1
 Armour: Robe              ||    10
  Dodge: Dodged            ||    64

Table legend: (Time is in decaauts)
 A = Elapsed time spent in this place.
 B = Non-inter-level travel time spent in this place.
 C = Inter-level travel time spent in this place.
 D = Time resting spent in this place.
 E = Time spent auto-exploring this place.
 F = Levels seen in this place.
 G = Mean time per level.
                   A        B        C        D        E       F      G
               +--------+--------+--------+--------+--------+-----+--------+
         Total |   2283 |   2247 |     36 |    136 |   1794 |   3 |  761.0 |
       Dungeon |   2283 |   2247 |     36 |    136 |   1794 |   3 |  761.0 |
               +--------+--------+--------+--------+--------+-----+--------+

Top non-repeatable levels by time:
     D:1: 1266 daAuts
     D:2: 906 daAuts
     D:3: 111 daAuts
